 Dungeon Crawl Stone Soup version 0.18.1-50-g88ac8fd (webtiles) character file.

69 WhiskeyPanda the Sneak (level 4, -1/22 HPs)
             Began as a Spriggan Assassin on Sept 26, 2016.
             Killed by divine providence
             ... invoked by an orc priest
              (14 damage)
             ... on level 3 of the Dungeon on Sept 28, 2016.
             The game lasted 00:15:11 (2285 turns).

WhiskeyPanda the Sneak (Spriggan Assassin)          Turns: 2285, Time: 00:15:12

Health: -1/22      AC:  4    Str:  8    XL:     4   Next: 2%
Magic:  5/5        EV: 18    Int: 12    God:
Gold:   96         SH:  0    Dex: 17    Spells: 0 memorised, 3 levels left

rFire  . . .     SeeInvis +     i - +0 short sword (curse)
rCold  . . .     Gourm    .     c - +0 robe
rNeg   . . .     Faith    .     (shield restricted)
rPois  .         Spirit   .     (helmet restricted)
rElec  .         Dismiss  .     d - +1 cloak
rCorr  .         Reflect  .     (gloves unavailable)
SustAt +         Harm     .     (boots unavailable)
MR     .....                    (no amulet)
Stlth  ++++......               (no ring)
                                h - ring of sustain attributes

@: very quick, not resistant to hostile enchantments, stealthy
A: unfitting armour, see invisible, herbivore 3, speed 3, slow metabolism 2
a: no special abilities


You were on level 3 of the Dungeon.
You were not hungry.

You visited 1 branch of the dungeon, and saw 3 of its levels.

You collected 96 gold pieces.

Inventory:

Hand Weapons
 a - a +2 dagger
 b - a +0 blowgun
 i - a cursed +0 short sword (weapon)
Missiles
 e - 8 poisoned needles
 f - 2 curare-tipped needles
 l - a throwing net (quivered)
Armour
 c - a +0 robe (worn)
 d - a +1 cloak (worn)
Jewellery
 h - a ring of sustain attributes (left hand)
 o - an uncursed amulet of magic regeneration
Scrolls
 j - a scroll of teleportation
 q - 2 scrolls of identify
Comestibles
 g - 2 bread rations
 k - a royal jelly


   Skills:
 + Level 1.5 Fighting
 + Level 2.4 Short Blades
 + Level 2.2 Throwing
 + Level 2.7 Dodging
 + Level 7.7 Stealth


You had 3 spell levels left.
You didn't know any spells.

Dungeon Overview and Level Annotations

Branches:
Dungeon (3/15)

Altars:


Innate Abilities, Weirdness & Mutations

You are tiny and cannot use many weapons and most armour.
You have supernaturally acute eyesight.
You are a herbivore.
You cover ground extremely quickly.
You need consume almost no food.


Message History

The orc shouts!
You hit the orc.
The orc is heavily wounded.
You hit the orc.
You kill the orc!
You have reached level 4!
The orc barely misses you.
You hit the orc priest.
The orc priest is moderately wounded.
The orc priest casts a cantrip, but nothing happens.
The orc misses you.
You barely miss the orc priest.
The orc priest is moderately wounded.
The orc priest hits you with a short sword.
The orc priest invokes the aid of Beogh against you.
Pain shoots through your body!
The orc priest invokes the aid of Beogh against you.
Beogh smites you!
Ouch! That really hurt!
You die...

#..........#
#.....#
#..........#
#.....###
.#####..........#
#........
#................#
#########
#######..........#
...............#
#####..........#
###....o.....#
.......o.@...#
###...#oo#####
#..#_#.# ##..#..#
#.....# #######


You could see 2 orc priests and 2 orcs.

Vanquished Creatures
  An adder (D:2)
  A worm (D:2)
  5 giant geckos
  2 orcs (D:3)
  3 ball pythons (D:2)
  8 bats
  2 giant cockroaches
  5 hobgoblins
  3 jackals (D:2)
  4 kobolds
  A quokka (D:3)
  6 goblins
  6 rats
47 creatures vanquished.

Notes
Turn   | Place    | Note
--------------------------------------------------------------
     0 | D:1      | WhiskeyPanda the Spriggan Assassin began the quest for the Orb.
     0 | D:1      | Reached XP level 1. HP: 10/10 MP: 2/2
    11 | D:1      | Reached skill level 6 in Stealth
   116 | D:1      | Reached XP level 2. HP: 14/14 MP: 3/3
  1055 | D:2      | Reached skill level 7 in Stealth
  1098 | D:2      | Reached XP level 3. HP: 12/18 MP: 4/4
  2262 | D:3      | Found a faded altar to an unknown god.
  2282 | D:3      | Reached XP level 4. HP: 19/22 MP: 5/5
  2285 | D:3      | Killed from afar by an orc priest

Skill      XL: |  1  2  3 |
---------------+----------+-----
Stealth        | 6 7 |  7.7
Dodging        | 2 |  2.7
Fighting       | |  1.5
Short Blades   | |  2.4
Throwing       | |  2.2

Action                   |  1- 3 |  4- 6 || total
-------------------------+-------+-------++-------
Melee: Dagger            |     8 |       ||     8
       Short sword       |   176 |     2 ||   178
 Fire: Blowgun           |     1 |       ||     1
  Use: Scroll            |     7 |       ||     7
       Potion            |     5 |       ||     5
 Stab: Sleeping          |    10 |       ||    10
Armor: Robe              |    35 |       ||    35
Dodge: Dodged            |   210 |     2 ||   212
